[Event "Early-Titled-Tuesday-Blitz-September-05-2023"]
[Site "Chess.com"]
[Date "2023.09.05"]
[Round "5"]
[White "Rosh1610"]
[Black "meoluoi91"]
[Result "1-0"]
[WhiteElo "2469"]
[BlackElo "2666"]
[TimeControl "180+1"]
[EndTime "8:56:04 PDT"]
[Termination "Rosh1610 won by resignation"]

1. e4 c6 2. Nc3 d5 3. Nf3 g6 4. d4 Bg7 5. e5 f6 6. Bf4 Bg4 7. Be2 Nd7 8. exf6 exf6 9. h3 Be6 10. O-O g5 11. Bg3 Ne7 12. Bd3 Nf5 13. Re1 Kf7 14.
Nxg5+ fxg5 15. Qh5+ Kf6 16. Rxe6+ Kxe6 17. Re1+ Kf6 18.
Bxf5 Re8 19. Rxe8 Qxe8 20. Qxe8 Rxe8 21. Bxd7 Re1+ 22. Kh2 Ke7 23. Bf5 Bxd4 24. Bd3 b5 25.
a3 a5 26. Bxh7 Ra1 27. h4 gxh4 28. Bxh4+ Kf7 29. Bf5 b4 30. axb4 axb4 31. Ne2 Bxb2 32. g4 Re1 33. Ng3 c5 34. g5 c4 35. g6+ Kg8 36. Nh5 Re5 37. Bg4 Re4 38. Kh3 b3 39. cxb3 cxb3 40. Bf3 Bd4 41. Bxe4 dxe4 42. Nf6+ Kg7 43.
Nxe4 b2 44. Nd2 Kxg6 45. Kg2 Kf5 46. Kf3 Ke5 47. Bg3+ Kd5 48. Ke2 Bc3 49. Nb1 Bf6 50.
Kd3 Ke6 51. f3 Kf5 52. Ke3 Bg5+ 53. f4 Bf6 54. Kf3 Bg7 55. Bf2 Bh6 56. Be3 Bg7 57. Bd2 Bf6 58. Bc3 Bxc3 59. Nxc3 Kf6 60. Ke4 Ke6 61. f5+ Kf6 62. Kf4 Kf7 63. Ke5 Ke7 64. f6+ Kf7 65. Kf5 Kf8 66. Ke6 Ke8 67. Nb1 Kf8 68. f7 Kg7 69. Ke7 1-0

[Event "Early-Titled-Tuesday-Blitz-September-05-2023"]
[Site "Chess.com"]
[Date "2023.09.05"]
[Round "5"]
[White "aghasiyevkamal"]
[Black "Iball95"]
[Result "0-1"]
[WhiteElo "2536"]
[BlackElo "2819"]
[TimeControl "180+1"]
[EndTime "8:56:06 PDT"]
[Termination "Iball95 won on time"]

1. e4 c5 2. Nf3 e6 3. Nc3 Nc6 4. d4 cxd4 5. Nxd4 Nf6 6. Nxc6 bxc6 7. Bd3 e5 8. O-O Bc5 9. Bg5 h6 10. Bd2 O-O 11. Na4 Be7 12. c4 d5 13. cxd5 cxd5 14. exd5 Qxd5 15. Be3 Bb7 16. f3 Rfd8 17. Be2 Qa5 18.
Qc2 Rac8 19. Nc3 Nd5 20. Bd2 Qb6+ 21. Kh1 Ne3 22. Bxe3 Qxe3 23. Rad1 Bb4 24. Rxd8+ Rxd8 25. Rd1 Rxd1+ 26. Nxd1 Qd4 27. Qd3 Qh4 28. g3 Qe7 29. Nc3 Bc5 30. Qc4 Bd4 31. Ne4 Bxb2 32. Qb5 Bd4 33. Bc4 Kh7 34. Bd5 Bc8 35. Qd3 f5 36. Nd2 Qc5 37. Bb3 Qc1+ 38. Nf1 Qc3 39. Qxc3 Bxc3 40.
Ne3 g6 41. Kg2 Kg7 42. g4 Bd4 43. Nd5 fxg4 44. fxg4 Bxg4 45. Ne7 Bd7 46. Kf3 Kf6 47. Nd5+ Kg5 48. Ne7 Bf5 49. a4 e4+ 50. Ke2 Bg4+ 51. Ke1 Bc3+ 52. Kf2 Bd4+ 53. Kg3 e3 54. h4+ Kh5 55.
Nd5 Be5+ 56. Kg2 e2 57. Kf2 Bg3+ 58. Kg2 e1=Q 59. Nf6+ Kxh4 60. Nxg4 Qe2+ 61. Kh1 Kxg4 62. Be6+ Kf4 0-1

[Event "Early-Titled-Tuesday-Blitz-September-05-2023"]
[Site "Chess.com"]
[Date "2023.09.05"]
[Round "5"]
[White "KorolDimitriy75"]
[Black "GeorgiosSouleidis"]
[Result "0-1"]
[WhiteElo "2325"]
[BlackElo "2536"]
[TimeControl "180+1"]
[EndTime "8:56:06 PDT"]
[Termination "GeorgiosSouleidis won by resignation"]

1. d4 d5 2. c4 dxc4 3. Nf3 Nf6 4. Nc3 a6 5. e4 b5 6. e5 Nd5 7. a4 Bb7 8. e6 fxe6 9. Ne4 Ne3 10. Bxe3 Bxe4 11. Ng5 Bd5 12. axb5 Qd6 13. Be2 g6 14. O-O Bg7 15. bxa6 Rxa6 16. Rxa6 Nxa6 17. Bxc4 O-O 18. Bxd5 exd5 19. Qg4 Nb4 20. Qe6+ Qxe6 21. Nxe6 Rc8 22. Rc1 c6 23. Rc3 Bf6 24. h3 Kf7 25. Nc5 Ra8 26.
Rb3 Nc2 27. Rd3 Ra1+ 28. Kh2 h5 29. g3 Rb1 30. b3 Na1 31. Kg2 Nc2 32. h4 Ra1 33.
Rd2 Nb4 34. Kf3 Ra8 35. Rd1 Rb8 36. Rc1 Ke8 37. Bf4 Rb6 38. Be3 Rb8 39. Ne6 Kf7 40.
Nc5 Ra8 41. Bf4 Ra2 42. Be3 Nc2 43. Nd3 Nxd4+ 44. Bxd4 Bxd4 45. Rxc6 e5 46. Rc7+ Ke6 47. Kg2 Kf5 48. Rf7+ Ke6 49. Rc7 Kf6 50. Rc6+ Kg7 51. Rc7+ Kf6 52. Rd7 Ke6 53. Rd8 Rd2 54. Nb4 Rxf2+ 55.
Kh3 Rb2 56. Nc6 Rxb3 57. Nxd4+ exd4 58. Re8+ Kf5 59. Rd8 Ke4 60. Re8+ Kd3 61. Rd8 Rb5 62.
Rd6 Kc3 63. Rc6+ Kd2 64. Rxg6 d3 65. Rg5 Kc3 66. Re5 d2 67. Re3+ Kc2 68. Re2 Kc1 69. Rxd2 Kxd2 70. g4 hxg4+ 71. Kxg4 d4 72. h5 d3 73. h6 Ke3 74. h7 Rb8 75. Kg5 d2 76.
Kg6 d1=Q 0-1

[Event "Early-Titled-Tuesday-Blitz-September-05-2023"]
[Site "Chess.com"]
[Date "2023.09.05"]
[Round "5"]
[White "IM_Tissir"]
[Black "Sadykov_Ramil"]
[Result "1-0"]
[WhiteElo "2466"]
[BlackElo "2580"]
[TimeControl "180+1"]
[EndTime "8:56:14 PDT"]
[Termination "IM_Tissir won on time"]

1. e4 d6 2. d4 Nf6 3. Nc3 e5 4. Nf3 Nbd7 5. Bc4 Be7 6. O-O O-O 7. Re1 a6 8. a4 b6 9. b3 Bb7 10. Bb2 h6 11. Bd3 Re8 12. d5 c6 13. dxc6 Bxc6 14.
Bc4 Qc7 15. Qe2 Nc5 16. Nd2 Qb7 17. f3 Bf8 18. Kh1 Ne6 19. Qf1 Nd4 20. Bd3 d5 21.
exd5 Nxd5 22. Nxd5 Bxd5 23. Bxd4 exd4 24. Rxe8 Rxe8 25.
Bxa6 Qc7 26. Bd3 Bd6 27. Qg1 Bf4 28. Nc4 Bxc4 29. Bxc4 Re5 30. Qxd4 Bxh2 31. Rd1 Kh7 32. f4 Bxf4 33. Rf1 Rh5+ 34. Kg1 Bh2+ 35. Kf2 Qg3+ 36. Ke2 Qxg2+ 37. Rf2 Qg1 38. Bd3+ f5 39. Qd5 Qg4+ 40. Kd2 Bf4+ 41. Kc3 Qg5 42. Bc4 Qf6+ 43. Kb4 Qd6+ 44. Kb5 Qxd5+ 45. Bxd5 g5 46. Re2 Kg6 47. Re6+ Kg7 48.
Rxb6 g4 49. Rb7+ Kf6 50. a5 g3 51. a6 Be3 52. c4 Rh2 53. c5 g2 54. Bxg2 Rxg2 55.
a7 Ra2 56. Rb6+ Kg5 57. Ra6 Rxa6 58. Kxa6 f4 59. a8=Q Kg4 60. Qg2+ Kf5 61. Qf3 Bxc5 62. Qd5+ Kg4 63. Qxc5 f3 64. Qg1+ Kf4 65. Qh2+ Kg4 66. Qxh6 f2 67. Qf6 Kg3 68. b4 Kg2 69. b5 1-0

[Event "Early-Titled-Tuesday-Blitz-September-05-2023"]
[Site "Chess.com"]
[Date "2023.09.05"]
[Round "5"]
[White "amanjazu"]
[Black "subham777"]
[Result "0-1"]
[WhiteElo "2365"]
[BlackElo "2552"]
[TimeControl "180+1"]
[EndTime "8:56:18 PDT"]
[Termination "subham777 won on time"]

1. f4 d5 2. Nf3 Nf6 3. g3 e6 4.
Bg2 Be7 5. O-O O-O 6. d3 c5 7. Qe1 Nc6 8. e4 dxe4 9. dxe4 Nd4 10. Na3 Bd7 11. Be3 Bc6 12. Rd1 Nxf3+ 13. Bxf3 Qb6 14. Nc4 Qa6 15. Be2 Bxe4 16. Nd6 Qxa2 17. Bc4 Qxb2 18. Nxe4 Nxe4 19. Bc1 Qxc2 20. Bd3 Qa4 21. Qxe4 Qxe4 22. Bxe4 Rab8 23. Rd7 Bf6 24. Be3 b6 25. Rxa7 Rfd8 26. Rb1 g6 27. Ra6 Bd4 28. Kf2 b5 29. Ra5 b4 30.
Bxd4 Rxd4 31. Ke3 Rc4 32. Rb3 Rd8 33. Bd3 Rc1 34. Kd2 Rh1 35. Rxc5 Rxh2+ 36. Ke3 Rg2 37. Kf3 Rd2 38. Be2 R8d4 39. Rb5 Rc2 40. R5xb4 Rdd2 41. Re4 Kg7 42. Ree3 h5 43. Rbd3 Ra2 44. Rxd2 Rxd2 45. Rd3 Ra2 46. Re3 Kf8 47. g4 hxg4+ 48. Kxg4 Ke7 49. Bf3 Ra4 50. Kg5 Kf8 51. Kg4 Kg7 52. Kg3 Kf6 53. Bd1 Ra1 54. Bf3 g5 55. Bg2 gxf4+ 56.
Kxf4 Ra4+ 57. Kg3 Kg5 58. Re4 Ra3+ 59. Bf3 Kf6 60. Rf4+ Ke7 61. Kg4 f5+ 62. Kg5 Ra1 63. Rxf5 exf5 64. Kxf5 Rf1 65. Ke4 Kf6 66. Kf4 Ra1 67.
Ke4 Ra4+ 68. Ke3 Ke5 69. Be2 Ra3+ 70. Bd3 Rb3 71. Kd2 Kd4 72. Bc2 Rb2 73. Kc1 Kc3 74. Bd1 Rg2 75. Ba4 Rg1+ 76. Bd1 Rf1 0-1

[Event "Early-Titled-Tuesday-Blitz-September-05-2023"]
[Site "Chess.com"]
[Date "2023.09.05"]
[Round "5"]
[White "sokidze"]
[Black "FGHSMN"]
[Result "1/2-1/2"]
[WhiteElo "2779"]
[BlackElo "2934"]
[TimeControl "180+1"]
[EndTime "8:56:19 PDT"]
[Termination "Game drawn by stalemate"]

1. d4 d5 2. Nc3 Nf6 3. Bf4 e6 4. Nb5 Na6 5. e3 Be7 6. Nf3 O-O 7. h4 c5 8. c3 Bd7 9. a4 c4 10. b3 cxb3 11. Qxb3 Qa5 12. Rc1 Rfc8 13. Bd3 Ne4 14. O-O Qb6 15. Rfd1 Nf6 16. Ne5 Nb8 17. c4 Nc6 18.
Nxd7 Nxd7 19. cxd5 exd5 20. Qxd5 Nf6 21. Qf3 a6 22.
Nc3 Nb4 23. Bf5 Rd8 24. d5 g6 25. Bh3 Nh5 26. Bg5 Bxg5 27. hxg5 a5 28. e4 Qd6 29. Bg4 Ng7 30. Qe3 Re8 31. f4 Qa6 32. Nb5 Red8 33.
Nc7 Qa7 34. Qxa7 Rxa7 35. e5 b6 36. d6 Ne8 37. Nxe8 Rxe8 38. Rc7 Raa8 39. Be2 Red8 40. Bc4 Rf8 41. Bb5 Rad8 42. g3 h6 43. gxh6 Na2 44. Rd2 Nb4 45. Kf1 Rb8 46. Bc4 Rbd8 47. e6 fxe6 48.
Bxe6+ Kh8 49. Kg2 Na6 50. Rc4 Nc5 51. Bg4 Rf6 52. Rcd4 Kh7 53. Bf3 Kxh6 54. Bc6 Rf7 55. Bb5 Kg7 56. d7 Re7 57. Rd6 Ne4 58. Re2 Nxd6 59.
Rxe7+ Kf6 60. Re8 Nb7 61. Rxd8 Nxd8 62. Kf3 Ke7 63. g4 Ne6 64. Ke4 Nc5+ 65. Kd5 Nxd7 66. Bxd7 Kxd7 67. f5 gxf5 68. gxf5 Kc7 69. f6 Kd7 70.
Kc4 Ke6 71. Kb5 Kxf6 72. Kxb6 Ke7 73. Kxa5 Kd8 74. Kb6 Kc8 75. Ka7 Kc7 76. a5 Kc8 77. a6 Kc7 78. Ka8 Kc8 79. a7 Kc7 1/2-1/2

[Event "Early-Titled-Tuesday-Blitz-September-05-2023"]
[Site "Chess.com"]
[Date "2023.09.05"]
[Round "5"]
[White "bascheyaro"]
[Black "BlitzWizard04"]
[Result "1/2-1/2"]
[WhiteElo "2806"]
[BlackElo "2605"]
[TimeControl "180+1"]
[EndTime "8:56:25 PDT"]
[Termination "Game drawn by repetition"]

1. d4 Nf6 2. Nf3 e6 3. Bg5 Be7 4. e3 d5 5. Nbd2 O-O 6. c4 c5 7.
dxc5 Bxc5 8. cxd5 exd5 9. Be2 Be6 10. O-O Nc6 11. Rc1 Be7 12. a3 Ne4 13. Bxe7 Qxe7 14.
Nxe4 dxe4 15. Nd4 Ne5 16. Qc2 Bd5 17. Qc5 Qxc5 18. Rxc5 Rfd8 19. Rfc1 Nc6 20. Nf5 Be6 21. Ng3 Rd2 22. R5c2 Rxc2 23. Rxc2 f5 24. Bc4 Bxc4 25. Rxc4 Rd8 26. h4 g6 27. Rc2 Kf7 28. Kf1 Kf6 29. Ke2 h6 30. Nf1 g5 31. hxg5+ hxg5 32. Nd2 Rd7 33.
g4 Ne5 34. gxf5 Kxf5 35. Rc5 b6 36. Rc8 Nd3 37. Rf8+ Kg6 38. Nxe4 Nxb2 39. Rf6+ Kg7 40. Rf5 Nc4 41. a4 Re7 42. Rxg5+ Kh6 43. Rg4 Ne5 44. Rf4 Ng6 45. Rg4 Ne5 46. Rh4+ Kg6 47. Rf4 Rc7 48.
Rf6+ Kg7 49. Rf5 Nd7 50. a5 Rc2+ 51. Kf3 Ra2 52. Rd5 Nf8 53. axb6 axb6 54. Rd6 Rb2 55. Nc3 Rb3 56. Nd5 b5 57. Nf4 Rb2 58. Ne6+ Nxe6 59. Rxe6 b4 60. Rb6 Kf7 61. e4 Ke7 62. Ke3 Kd7 63.
f4 Kc7 64. Rh6 b3 65. Rh3 Rg2 66. Kd4 b2 67. Rb3 Kc6 68. f5 Rf2 69. Rb4 Kd6 70. Rb6+ Kc7 71. Rb3 Kd6 72. Ke3 Rc2 73. Kf4 Rf2+ 74.
Ke3 Rc2 75. Rb8 Ke5 76. Rb5+ Kf6 77. Kd4 Rd2+ 78. Kc3 Re2 79. Kd3 Rh2 80. Ke3 Rc2 81.
Rb8 Ke5 82. Rb5+ Kf6 1/2-1/2

[Event "Early-Titled-Tuesday-Blitz-September-05-2023"]
[Site "Chess.com"]
[Date "2023.09.05"]
[Round "5"]
[White "Rikikits"]
[Black "AndreiITrifan"]
[Result "1/2-1/2"]
[WhiteElo "2846"]
[BlackElo "2627"]
[TimeControl "180+1"]
[EndTime "8:56:30 PDT"]
[Termination "Game drawn by agreement"]

1. Nc3 Nf6 2. e4 e5 3. f4 d5 4. fxe5 Nxe4 5. Nf3 Nc6 6. Bb5 Bc5 7. d4 Bb6 8. O-O O-O 9. Be3 Bg4 10. Bxc6 bxc6 11. Qd3 Bf5 12. Ng5 Bg6 13. Ngxe4 Qd7 14. Rf4 Rad8 15. Rd1 Rfe8 16. h3 dxe4 17. Qe2 Qe7 18.
Na4 Qb4 19. Nxb6 axb6 20. c3 Qa4 21. b3 Qa5 22. c4 Ra8 23. Rd2 Qc3 24. h4 h5 25. Kh2 c5 26. Qf2 Rad8 27. dxc5 Rxd2 28. Qxd2 Qxd2 29. Bxd2 Rxe5 30. cxb6 cxb6 31. Be3 b5 32.
cxb5 Rxb5 33. Rf2 Rd5 34. Rd2 Rxd2 35. Bxd2 Kf8 36. a4 Ke7 37. b4 Kd7 38. b5 Kc7 39. a5 Bf5 40. a6 Bd7 41. a7 Kb7 42. b6 Bc6 43. Be3 g6 44. Kg3 Bd5 45. Kf4 Be6 46. Kxe4 Ba2 47. Ke5 Be6 48. Kd6 Bf5 49. Kc5 Be4 50. g3 Bf3 51. Bg5 Be4 52. Be7 Bf3 53. Bd6 Be4 54. Kd4 Bf3 55. Ke5 Bg2 56. Bc5 Ka8 57.
Kd6 Kb7 58. Ke7 Bd5 59. Bd4 Bf3 60. Kf6 Be4 61. Ke5 Bf3 62. Kf4 Bd5 63. Bf2 Be6 64. Ke3 Ka8 65. Kd4 Kb7 66. Kc5 Bf5 67. Kd6 Be4 68. Ke5 Bg2 69. Kf6 Bd5 70. Ke7 Be6 71. Kf8 Bd5 72. Ke8 Bc6+ 73. Kxf7 Be4 74. Kf6 Ka8 75.
Ke5 Bf5 76. Kd4 Kb7 77. Kc5 Be4 78. Kd6 Bf5 79. Ke5 Bb1 80. Ke6 Bf5+ 81. Kf6 Bb1 82. Kg5 Bf5 83. Kf4 Bb1 84. Ke3 Bf5 85. Kd2 Bb1 86.
Kc1 Bf5 87. Kb2 Be4 88. Ka3 Bf5 89. Kb4 Be4 90. Kc5 Bf5 91. Kd6 Bd3 92. Kd7 Bf5+ 93. Kd8 Bc2 94. a8=Q+ Kxa8 95. Kc7 Be4 96. Be3 Bf3 97.
Bd4 Be4 98. Bc3 Bf3 99. Bd2 Be4 100. Bf4 Bf3 101. Kd6 Kb7 102. Kc5 Be4 103. Bg5 Bf5 104. Bd8 Bb1 105. Bc7 Bf5 106. Bf4 Bb1 107. Be3 Bf5 108. Kd6 Bg4 109. Ke5 Bf5 110. Kf4 Bb1 111. Kg5 Bf5 112. Kf6 Bb1 113. Kg7 Bd3 114. Kh6 Bb1 115. Kg5 Bc2 116. g4 hxg4 117. Kxg4 Bd1+ 118. Kg5 Bh5 119. Kf6 Kc6 120. Ke5 Kb7 121. Kf6 Kc6 122. Kg5 Kb7 123. Bf2 Kc6 124. Kf6 Kb7 125. Ke5 Kc6 126. Kd4 Kb7 127. Kd5 Bf3+ 128. Kd6 Bh5 129. Kc5 Bf3 130. Kb5 Bh5 131. Ka5 Bf3 132. Kb4 Bh5 133. Kc5 Bf3 134. Kd4 Bh5 135. Ke5 Kc6 136. Kf6 Kb7 137. Kf7 Kc6 138. Ke7 Kb7 139. Kd7 Bf3 140. Ke6 Bh5 1/2-1/2

[Event "Early-Titled-Tuesday-Blitz-September-05-2023"]
[Site "Chess.com"]
[Date "2023.09.05"]
[Round "5"]
[White "PepeCuenca"]
[Black "MFatigue"]
[Result "0-1"]
[WhiteElo "2698"]
[BlackElo "2522"]
[TimeControl "180+1"]
[EndTime "8:56:30 PDT"]
[Termination "MFatigue won by checkmate"]

1. c4 c5 2. Nf3 Nf6 3. Nc3 d5 4. cxd5 Nxd5 5. g3 Nc6 6. Bg2 Nc7 7. a3 e5 8. b3 Be7 9. b4 cxb4 10. axb4 Bxb4 11.
Nxe5 Nxe5 12. Qa4+ Bd7 13. Qxb4 Nc6 14. Qa3 Qe7 15.
Qxe7+ Kxe7 16. Ba3+ Kf6 17. Ne4+ Kg6 18. Nc5 Be6 19.
Nxb7 Nd4 20. Rc1 Ncb5 21. Bb2 Rac8 22. Nc5 a5 23. e3 Nb3 24. Nxb3 Bxb3 25. O-O a4 26.
Ra1 f5 27. Ba3 Rc2 28. d4 Rhc8 29. d5 Kf7 30. h4 g6 31. Bf3 Rd2 32. Bb4 Rd3 33.
Be2 Rxd5 34. Rfc1 Rcd8 35. Bf3 Rd3 36. Bc6 Nd6 37. Bxa4 Bxa4 38. Rxa4 Ne4 39. Ra7+ R8d7 40. Rxd7+ Rxd7 41. Rc2 h6 42. Kg2 g5 43. hxg5 hxg5 44. Be1 Nf6 45. f3 Kg6 46. Bf2 Rd6 47. Rb2 Re6 48. Rb5 Nd7 49. Ra5 Nf6 50. Rb5 Nd7 51. Rb4 Nf6 52. Rb8 g4 53. fxg4 fxg4 54.
Rb4 Kf5 55. Rf4+ Kg5 56. Bg1 Re4 57. Rf1 Nd5 58. Kf2 Rxe3 59. Rd1 Rf3+ 60. Kg2 Ne7 61. Rd4 Nf5 62. Rd1 Rxg3+ 63. Kf1 Rf3+ 64. Ke1 g3 65. Ke2 Kg4 66. Re1 Rf4 67. Kd2 Ra4 68. Bb6 Kh3 69.
Kd3 Nh4 70. Rh1+ Kg4 71. Re1 Kh3 72. Rh1+ Kg2 73. Re1 Kh2 74. Ke3 g2 75. Kf2 Ra2+ 76. Ke3 g1=Q+ 77. Rxg1 Kxg1 78. Ke4+ Kg2 79. Kd5 Nf3 80.
Kc6 Rc2+ 81. Kb7 Kg3 82. Ka6 Kf4 83. Bc7+ Ke4 84. Kb6 Kd5 85. Kb7 Nd4 86. Bb6 Ne6 87. Ka6 Kc6 88. Ba5 Nc5+ 89. Ka7 Ra2 90. Kb8 Rxa5 91.
Kc8 Ra8# 0-1

[Event "Early-Titled-Tuesday-Blitz-September-05-2023"]
[Site "Chess.com"]
[Date "2023.09.05"]
[Round "5"]
[White "Bauman_Guy"]
[Black "HansOnTwitch"]
[Result "1/2-1/2"]
[WhiteElo "2861"]
[BlackElo "3054"]
[TimeControl "180+1"]
[EndTime "8:56:33 PDT"]
[Termination "Game drawn by repetition"]

1. e4 c5 2. Nf3 Nc6 3. d4 cxd4 4. Nxd4 Nf6 5. Nc3 d6 6. Bg5 e6 7. Bb5 Bd7 8. Bxc6 bxc6 9. Qf3 h6 10. Bh4 c5 11. Nb3 Be7 12. O-O-O Rb8 13. e5 dxe5 14. Bxf6 gxf6 15. Ne4 Rc8 16. Nd6+ Bxd6 17. Rxd6 c4 18. Nd2 Qe7 19. Ra6 f5 20. Qc3 Qc5 21. Nf3 f6 22.
Rd1 Rh7 23. Rd2 Rb8 24. a3 Rg7 25. g3 Bc6 26. Nh4 Rgb7 27. b4 Qb5 28. Ra5 Qxa5 29. Rd6 Qb5 30. f4 Bd7 31. Nf3 Rb6 32. Rd1 a5 33.
fxe5 axb4 34. Qe3 bxa3 35. Qxh6 Qb1+ 36. Kd2 Qxd1+ 37. Kxd1 Kd8 38. Qf8+ Kc7 39. Qxa3 fxe5 40. Nxe5 Rb5 41. Nxc4 Rd5+ 42. Ke1 Bc6 43. Qe7+ Bd7 44.
Qa3 Rb1+ 45. Kf2 Rbb5 46. Ne3 Rd2+ 47. Ke1 Rxh2 48. Qa7+ Kd8 49. Nd1 Rb1 50. Qa5+ Ke8 51. Qa8+ Kf7 52. Qf3 Rh6 53. Qd3 Be8 54. Kf2 Rh2+ 55.
Kg1 Rh6 56. Kf2 Rg6 57. Ne3 Rb7 58. Nc4 Kg7 59. Ne5 Rf6 60. Qd8 Bg6 61. c4 f4 62.
g4 f3 63. Qd4 Kg8 64. g5 Rf5 65. Ng4 Kf8 66. Nh6 Bf7 67. Nxf5 exf5 68. Kxf3 Re7 69. c5 Re4 70. Qd6+ Kg8 71. g6 Be6 72. c6 Kg7 73. c7 Bc8 74. Qd8 Bb7 75. Kg3 Rg4+ 76. Kh3 Rxg6 77.
c8=Q Bxc8 78. Qxc8 Kf6 79. Qc6+ Kg5 80. Qc1+ Kf6 81.
Kh4 Rg4+ 82. Kh5 Ke5 83. Qe3+ Kf6 84. Qc5 Ke6 85. Qe3+ Kf6 86. Qc3+ Ke6 87. Qe3+ Kf6 1/2-1/2

[Event "Early-Titled-Tuesday-Blitz-September-05-2023"]
[Site "Chess.com"]
[Date "2023.09.05"]
[Round "5"]
[White "Jospem"]
[Black "vugarrasulov"]
[Result "0-1"]
[WhiteElo "3046"]
[BlackElo "2924"]
[TimeControl "180+1"]
[EndTime "8:56:35 PDT"]
[Termination "vugarrasulov won by checkmate"]

1. e4 e5 2. Nf3 Nc6 3. Nc3 Nf6 4. h3 Be7 5. Bc4 O-O 6. d3 d6 7. a3 Na5 8. Ba2 c5 9. Bg5 Be6 10. Bxf6 Bxf6 11. Nd5 Nc6 12. c3 g6 13. O-O Bg7 14.
b4 Ne7 15. Ne3 Rc8 16. Bxe6 fxe6 17. Qb3 Qd7 18. Rab1 b6 19. Rfe1 h6 20. Nh2 Kh7 21.
Rbd1 Rf4 22. g3 Rf7 23. Re2 Rcf8 24. Kg2 h5 25. Nef1 Bh6 26. d4 exd4 27. cxd4 cxb4 28. axb4 d5 29. f4 h4 30. Nf3 hxg3 31. Ne5 Qb5 32.
Nxg3 Rxf4 33. Ng4 Bg7 34. Qe3 Rf3 35. Qd2 Rb3 36. Rc1 Rff3 37. Nh1 dxe4 38. Rc7 Rbd3 39.
Qc1 Rc3 40. Rxc3 Qxe2+ 41. Nhf2 Nf5 42. Rc7 Nh4+ 43. Kg1 e3 44. Rxg7+ Kxg7 45. Qc7+ Rf7 46. Qe5+ Kh7 47. Nf6+ Rxf6 48. Qxf6 Qxf2+ 49. Qxf2 exf2+ 50. Kxf2 Nf5 51. d5 exd5 52. Ke2 Kh6 53. Kd3 Kg5 54. b5 Kh4 55. Kc3 Kxh3 56. Kd3 Kg4 57. Kc3 Kf4 58. Kd3 Ke5 59. Kc3 g5 60. Kd3 g4 61.
Kc3 g3 62. Kd3 g2 63. Kc3 g1=B 64. Kd3 Bc5 65. Kc3 Nd6 66. Kd3 Nxb5 67. Kd2 Ke4 68. Ke2 a5 69. Kd1 a4 70. Kc1 a3 71.
Kb1 Kd3 72. Ka1 Kc4 73. Ka2 Kb4 74. Kb1 Kb3 75. Ka1 d4 76. Kb1 d3 77. Kc1 a2 78.
Kd2 Kc4 79. Ke1 a1=N 80. Kd2 Nb3+ 81. Kd1 N5d4 82. Ke1 b5 83. Kf1 b4 84. Kg2 d2 85.
Kh3 d1=B 86. Kg3 Nd2 87. Kh4 b3 88. Kg5 b2 89. Kf6 b1=N 90. Kf7 Kd5 91. Ke8 Bg4 92. Kd8 Nc3 93. Ke8 Nde4 94. Kf7 Ncb5 95. Ke8 Be6 96.
Kd8 Bb6+ 97. Ke8 Kd6 98. Kf8 Kd7 99. Kg7 Ke7 100. Kh6 Kf6 101. Kh5 Nf3 102. Kh6 Ng3 103. Kh7 Nd6 104. Kh8 Nf7+ 105. Kh7 Bc5 106. Kg8 Nf5 107. Kh7 N3g5+ 108. Kg8 Ne5+ 109. Kh8 Ng6# 0-1

[Event "Early-Titled-Tuesday-Blitz-September-05-2023"]
[Site "Chess.com"]
[Date "2023.09.05"]
[Round "5"]
[White "Fandorine"]
[Black "Ali_rastbod"]
[Result "0-1"]
[WhiteElo "2913"]
[BlackElo "2687"]
[TimeControl "180+1"]
[EndTime "8:56:40 PDT"]
[Termination "Ali_rastbod won by resignation"]

1. Nf3 d5 2. c4 d4 3. b4 c5 4. g3 cxb4 5. Bg2 Nc6 6. a3 bxa3 7. O-O e5 8. d3 Nf6 9. Bxa3 Bxa3 10.
Nxa3 O-O 11. Nd2 Bf5 12. Qb3 Qe7 13. Rfb1 Nd8 14. Nc2 Bg4 15. Re1 Qd7 16. Qb5 Qc7 17.
Qa5 Qe7 18. e3 dxe3 19. Nxe3 Bd7 20. Nb3 Bc6 21. Nf5 Qd7 22. Qxe5 Re8 23. Bxc6 bxc6 24.
Qf4 Ne6 25. Qd6 Rad8 26. Qxd7 Rxd7 27. Re3 g6 28. Nh4 Red8 29. Nc1 Nc5 30. Ra3 Rb8 31. Kg2 Rb2 32. h3 Kg7 33. Nf3 Rdb7 34. Nd4 Rc7 35. Nce2 Rb8 36. Ra5 Ncd7 37. Nc2 Ra8 38. Ned4 Nb6 39.
g4 Nc8 40. f4 Nd7 41. Kg3 Kf8 42. Nf3 Nb8 43. Ncd4 c5 44. Nb5 Rb7 45. g5 Nc6 46.
Ra6 Nb4 47. Ra4 a6 48. Nc3 Nb6 49. Ra5 Nd7 50. Ne5 Nxe5 51. fxe5 Nc6 52. Rxc5 Nd4 53. Re4 Ne6 54. Ra5 Nxg5 55. Re3 Ne6 56. Nd5 Kg7 57. h4 h5 58. Kf3 Rb1 59. Nf6 Rf1+ 60. Ke4 Rh1 61. Kd5 Rxh4 62. Ne4 Rh1 63. d4 Rd8+ 64.
Nd6 Rd1 65. Re4 g5 66. Rxa6 h4 67. Ra7 Rf8 68. Kc6 Kg6 69. d5 Nd4+ 70. Kc5 Nb3+ 71. Kb4 Nd2 72. Re2 Nf3 73. e6 fxe6 74. Rxe6+ Rf6 75.
Re4 Rxd6 76. Kc5 Rf6 77. Ree7 Kf5 78. Rh7 Kf4 79. Ra8 g4 80. Rah8 Kg3 81. Rg8 Rf4 82.
Rhg7 Rdd4 83. Kb5 Rxc4 84. d6 Rcd4 85. Kc6 h3 86. d7 h2 87. Kc5 Rxd7 88. Rxg4+ Rxg4 0-1

[Event "Early-Titled-Tuesday-Blitz-September-05-2023"]
[Site "Chess.com"]
[Date "2023.09.05"]
[Round "5"]
[White "Dewarfd"]
[Black "FuenfgegenWilly"]
[Result "0-1"]
[WhiteElo "2141"]
[BlackElo "2304"]
[TimeControl "180+1"]
[EndTime "8:56:51 PDT"]
[Termination "FuenfgegenWilly won by resignation"]

1. d4 Na6 2. e3 c6 3. Nf3 d5 4. c4 Bg4 5. h3 Bxf3 6. Qxf3 Nf6 7. a3 Ne4 8. Nc3 Nxc3 9. bxc3 Nc7 10. cxd5 cxd5 11. c4 e6 12. Bd3 Be7 13. O-O O-O 14.
e4 dxc4 15. Bxc4 Qxd4 16. Qb3 b5 17. Bd3 Rfd8 18. Bc2 Qxa1 19. Bb2 Qxf1+ 20. Kxf1 a5 21. Be5 Ne8 22. Qxb5 Rdc8 23. Ba4 Bxa3 24. Qb3 Bd6 25. Bd4 Bf8 26. g3 Nd6 27. Qd3 Nc4 28. Bd7 Rc7 29.
Bb5 Rac8 30. Kg2 Nd6 31. Ba4 Rc4 32. Bb3 Rb4 33. Ba2 a4 34. e5 Nb5 35. Ba1 a3 36. Qd7 Rb8 37. Bxe6 fxe6 38. Qxe6+ Kh8 39. Qd7 a2 40. e6 Rb1 41. e7 Rxa1 42. e8=Q Rxe8 43. Qxe8 Kg8 44. Qe6+ Kh8 45. Qf7 h6 46. Qxf8+ Kh7 47. Qf5+ Kh8 48. Qf8+ Kh7 49. Qa8 Nc3 50. Qf8 Rg1+ 51.
Kxg1 a1=Q+ 52. Kg2 Qb1 53. Qf3 Qe4 54. g4 Kg6 55. h4 Qxf3+ 56. Kxf3 Nd5 57. Ke4 Nf6+ 58. Kf4 Nd7 59. f3 Kf7 60. Kf5 g6+ 61. Ke4 Ke6 62. f4 Nc5+ 63. Kd4 Nd7 64. Ke4 Nf6+ 65. Kf3 Kf7 66.
f5 g5 67. hxg5 hxg5 68. Kg3 Ke7 69. Kf3 Kd6 70. Kg3 Ke5 71. Kf3 Kd4 72. Ke2 Ke4 73. Kd2 Kf4 74. Kd3 Kxg4 75. Kd4 Kxf5 76. Ke3 g4 77. Kf2 Kg5 78. Kg3 Kf5 79. Kf2 Kf4 80. Kg2 g3 81. Kg1 Kg4 82. Kg2 Kf4 83. Kh1 Kf3 84. Kg1 g2 85. Kh2 Ne8 86. Kg1 Nc7 87.
Kh2 Kf2 88. Kh3 g1=Q 89. Kh4 Qg6 0-1

[Event "Early-Titled-Tuesday-Blitz-September-05-2023"]
[Site "Chess.com"]
[Date "2023.09.05"]
[Round "5"]
[White "vladgoncharov"]
[Black "mitrabhaa"]
[Result "1/2-1/2"]
[WhiteElo "2552"]
[BlackElo "2818"]
[TimeControl "180+1"]
[EndTime "8:56:57 PDT"]
[Termination "Game drawn - timeout vs insufficient material"]

1. d4 Nf6 2. c4 e6 3. Nc3 Bb4 4. e3 O-O 5. Bd3 c5 6. Ne2 d5 7.
a3 Bxc3+ 8. bxc3 dxc4 9. Bxc4 Qc7 10. Bd3 e5 11. O-O e4 12. Bc2 Bg4 13. f3 exf3 14. gxf3 Bh5 15. Qe1 Nc6 16. Qg3 Qa5 17. Qg5 cxd4 18. Qxa5 Nxa5 19. cxd4 Rac8 20. Bf5 Rc7 21. Rb1 b6 22. Bd2 Nc4 23. Bc1 Nd5 24. Kf2 Nd6 25.
Bd3 f5 26. Bd2 Ne4+ 27. Ke1 Nd6 28. Kf2 Rcc8 29. Rfc1 Ne4+ 30. Bxe4 fxe4 31. Rxc8 Rxc8 32. fxe4 Rc2 33. exd5 Rxd2 34. Re1 Kf7 35. Kf1 Bf3 36. Nf4 g5 37. Ne6 h6 38. e4 Rxh2 39. Nd8+ Ke8 40. Nc6 g4 41. Re3 Rd2 42. Ne5 Rxd4 43. Nxf3 gxf3 44.
Kf2 Ke7 45. Kxf3 Kd6 46. Kf4 Rd2 47. Rh3 Rf2+ 48. Ke3 Ra2 49. Rxh6+ Kc5 50. Rc6+ Kb5 51. Rc3 Ra1 52. d6 Rd1 53. Rd3 Re1+ 54. Kd4 Kc6 55. Ke5 Kd7 56. Kd5 Rc1 57. e5 Rc5+ 58.
Ke4 Rc4+ 59. Kf5 Rc5 60. Kf6 Rc1 61. e6+ Kd8 62. e7+ Kd7 63. Re3 Rf1+ 64. Kg5 Rg1+ 65. Kf4 Rf1+ 66. Ke5 Rd1 67. Re4 b5 68. Kf5 Rf1+ 69.
Rf4 Re1 70. Re4 Rf1+ 71. Ke5 Rd1 72. Rd4 Re1+ 73. Kd5 Rc1 74. Re4 Rc8 75. e8=Q+ Rxe8 76. Rxe8 Kxe8 77. Kc6 Kd8 78. Kxb5 Kd7 79. Kc5 a5 80. Kd5 a4 81. Kc5 Kd8 82. Kc6 Kc8 83. Kb5 Kd7 84. Kxa4 Kxd6 85. Kb5 Kc7 86. Ka6 Kb8 87. a4 Ka8 88.
Kb6 Kb8 89. a5 Ka8 90. a6 Kb8 91. a7+ Ka8 1/2-1/2